 Dungeon Crawl Stone Soup version 0.29.1-14-g9c671dbff4 (webtiles) character file.

Game seed: 10232330835838801425

1 Mickster the Chiller (level 1, -1/16 HPs)
             Began as a Demigod Wanderer on Feb 14, 2023.
             Slain by a rat (3 damage)
             ... on level 1 of the Dungeon.
             The game lasted 00:00:59 (53 turns).

Mickster the Chiller (Demigod Wanderer)               Turns: 53, Time: 00:01:00

Health: -1/16      AC:  3    Str: 15    XL:     1   Next: 13%
Magic:  4/4        EV: 11    Int: 13    God:
Gold:   0          SH:  0    Dex: 12    Spells: 1/2 levels left

rFire   . . .      SeeInvis .   a - +1 short sword
rCold   . . .      Faith    .   (no shield)
rNeg    . . .      Spirit   .   c - +0 leather armour
rPois   .          Reflect  .   (no helmet)
rElec   .          Harm     .   (no cloak)
rCorr   .          Rampage  .   (no gloves)
Will    .....                   (no boots)
Stlth   +.........              (no amulet)
HPRegen 0.05/turn               (no ring)
MPRegen 0.09/turn               (no ring)

@: no status effects
A: high MP 1, forlorn, divine attributes
a: no special abilities


You were on level 1 of the Dungeon.
You visited 1 branch of the dungeon, and saw 1 of its levels.

Inventory:

Hand Weapons
 a - a +1 short sword (weapon)
Armour
 c - a +0 leather armour (worn)
Scrolls
 b - a scroll of fear
Potions
 d - a potion of flight {unknown}


   Skills:
 + Level 1.0 Fighting
 + Level 1.7 Short Blades
 + Level 1.0 Stealth
 + Level 1.0 Spellcasting
 + Level 3.6 Ice Magic
 + Level 1.0 Evocations


You had one spell level left.
You knew the following spells:

 Your Spells              Type           Power      Damage    Failure   Level
a - Freeze                Ice            40%        1d6       8%          1

Your spell library contained the following spells:

 Spells                   Type           Power      Damage    Failure   Level
 Frozen Ramparts          Ice            20%        1d4       22%         3
 Hailstorm                Conj/Ice       5%         3d4       85%         4


Dungeon Overview and Level Annotations

Branches:
Dungeon (1/15)


Innate Abilities, Weirdness & Mutations

You have an increased reservoir of magic. (+10% MP)
You shall have no god before yourself.
Your divine heritage dramatically boosts your attributes as you level up.


Message History

You miss the frilled lizard. The frilled lizard closely misses you.
You closely miss the frilled lizard. The frilled lizard misses you.
You hit the frilled lizard but do no damage.
The frilled lizard misses you.
You hit the frilled lizard.
You kill the frilled lizard!
A ball python comes into view.
Found a scroll labelled KEAFUI FOWN.
The ball python hisses angrily.
The ball python bites you. The ball python grabs you.
The ball python constricts you.
The ball python bites you but does no damage.
The ball python constricts you.
You hit the ball python.
You kill the ball python!
Found 11 gold pieces.
A quokka comes into view.
The quokka moves out of view.
A rat comes into view.
You see here 11 gold pieces.
You closely miss the quokka. The quokka misses you.
You closely miss the quokka. The quokka bites you.
You closely miss the quokka. The quokka bites you.
You completely miss the quokka.
The quokka bites you but does no damage. x2
You hit the quokka.
The quokka is severely wounded.
The quokka bites you but does no damage.
You hit the quokka.
The quokka is almost dead.
The rat bites you. The quokka bites you.
You closely miss the quokka.
The quokka is almost dead.
The quokka barely misses you. The rat bites you but does no damage.
You barely miss the quokka.
The quokka is almost dead.
The quokka bites you.
* * * LOW HITPOINT WARNING * * *
The rat bites you.
You die...

...#..#....# #...#
..#.##.....# ###...###
.#...#.....### #.......###
#.....#......###....?.....
.<...#.#...#..##.......#
#...#...#..#.####....#
.#.#.#.....#.........#
..#...#....######.#######
...#...#...#...r@r.......
#...#...#..###.##.###....
.#.......#.# # #.# #.
..........## #.#
#.######## ..# #.# #.# #..


You could see a quokka and a rat.

Vanquished Creatures
  A ball python (D:1)
  A frilled lizard (D:1)
2 creatures vanquished.

Notes
Turn   | Place    | Note
-------+----------+-------------------------------------------
     0 | D:1      | Mickster the Demigod Wanderer began the quest for the Orb.
     0 | D:1      | Mickster set off with the following items: a +1 short
                  | sword, a scroll of fear, a +0 leather armour; and the
                  | following spell memorised: Freeze; and the following spells
                  | available to memorise: Frozen Ramparts, Hailstorm.
     0 | D:1      | Reached XP level 1. HP: 16/16 MP: 4/4
    53 | D:1      | Slain by a rat

Illustrated notes

Levels and vault maps discovered:
D:1:      matt_arrival_diagonals, layout_loops_ring,
          shapermc_ecumenical_altar_mp_ritualfount

Action                   || total
-------------------------++-------
Melee: Short sword       ||    14
  Use: Scroll            ||     1
Armor: Leather armour    ||     6
Dodge: Dodged            ||     7
